 Dungeon Sprint DCSS version 0.30-a0-6-g7c9e10e132 (webtiles) character file.

Game seed: 1157625375601420077

718 NinjaNoafa the Grappler (level 7, -2/71 (75) HPs)
             Began as a Troll Fighter on Aug 22, 2022.
             Was a Priest of Ru.
             Slain by a merfolk
             ... wielding a +0 trident
              (9 damage)
             ... in the Dungeon (Sprint V: "Ziggurat Sprint").
             The game lasted 00:04:56 (339 turns).

NinjaNoafa the Grappler (Troll Fighter)              Turns: 339, Time: 00:04:57

HP:   -2/71 (75)    AC: 19    Str: 21    XL:     7   Next: 42%
MP:   15/15         EV:  2    Int: 12    God:    Ru [***...]
Gold: 0             SH:  0    Dex: 17    Spells: 6/6 levels left

rFire   + + .      SeeInvis .      - Unarmed
rCold   + + .      Faith    +    (shield unavailable)
rNeg    . . .      Spirit   .    B - +5 gold dragon scales
rPois   +          Reflect  .    (helmet restricted)
rElec   +          Harm     .    (no cloak)
rCorr   +          Rampage  .    (gloves unavailable)
Will    .....      NoTele   +    (boots unavailable)
Stlth   ..........               A - amulet "Qatyps" {Faith Int+3}
HPRegen 1.01/turn                (ring unavailable)
MPRegen 0.14/turn                m - ring of Zodafo {rElec MP+9 Str-4 Int+5 Dex+6}

@: exhausted, resistant, studying Evocations, drained
A: large, unfitting armour, claws 3, regeneration 1, shaggy fur 1, tough skin 1,
missing a hand
a: Renounce Religion, Draw Out Power


You were in the Dungeon.
You worshipped Ru.
Ru was most pleased with you.
You visited 1 branch

Inventory:

Armour
 B - +5 gold dragon scales (worn)
 D - the +18 shield of the Gong {rElec rN+ Will+ EV-5}
   (You found it in the Dungeon)

   It is deafeningly noisy when blocking attacks.
   EV:        It affects your evasion (-5).
   rElec:     It insulates you from electricity.
   rN:        It protects you from negative energy.
   Will:      It increases your willpower.
Jewellery
 b - the amulet of Spite {Spirit rPois rF++ Str-3 Stlth+}
   (You found it in the Dungeon)

   [amulet of guardian spirit]

   It causes incoming damage to be divided between your reserves of health and
   magic.
   Str:       It affects your strength (-3).
   rF:        It greatly protects you from fire.
   rPois:     It protects you from poison.
   Stlth:     It makes you more stealthy.
 m - the ring of Zodafo (right claw) {rElec MP+9 Str-4 Int+5 Dex+6}
   (You found it in the Dungeon)

   [ring of dexterity]

   Str:       It affects your strength (-4).
   Int:       It affects your intelligence (+5).
   Dex:       It affects your dexterity (+6).
   rElec:     It insulates you from electricity.
   MP:        It affects your magic capacity (+9).
 r - a ring of flight
 s - a +6 ring of dexterity
 t - a +6 ring of dexterity
 u - a +6 ring of intelligence
 v - a +6 ring of intelligence
 w - a +6 ring of strength
 x - a +6 ring of strength
 A - the amulet "Qatyps" (around neck) {Faith Int+3}
   (You found it in the Dungeon)

   [amulet of faith]

   It allows you to gain divine favour quickly.
   Int:       It affects your intelligence (+3).
Wands
 y - a wand of mindburst (7)
 z - a wand of light (6)
Scrolls
 i - 4 scrolls of blinking
 n - 4 scrolls of amnesia
 o - 7 scrolls of fog
 p - 5 scrolls of identify
 q - 2 scrolls of fear
Potions
 c - 6 potions of might
 d - 10 potions of curing
 e - 8 potions of heal wounds
 f - 6 potions of haste
 g - 7 potions of magic
 h - 3 potions of berserk rage
 j - 2 potions of brilliance
 k - 2 potions of invisibility
 l - 3 potions of resistance
Miscellaneous
 a - a piece from Xom's chessboard (15/15)
 C - a lightning rod (4/4)


   Skills:
 - Level 6.2 Fighting
 + Level 0.0 Armour
 - Level 6.0 Dodging
 - Level 13.0 Unarmed Combat
 + Level 2.5 Evocations


You had 6 spell levels left.
You didn't know any spells.
Your spell library contained the following spells:

 Spells                   Type           Power      Damage    Failure   Level
 Apportation              Tloc           0%         N/A       100%        1
 Alistair's Intoxication  Tmut/Pois      0%         N/A       100%        5


Dungeon Overview and Level Annotations

Branches:
Dungeon (1/1)

Altars:
Ashenzari
Cheibriados
Dithmenos
Elyvilon
Fedhas
Gozag
Hepliaklqana
Kikubaaqudgha
Makhleb
Nemelex Xobeh
Okawaru
Qazlal
Ru
Sif Muna
Trog
Uskayaw
Vehumet
Wu Jian
Xom
Yredelemnul
Zin
The Shining One
Jiyva
Lugonu

Annotations:
D 1 transporter


Innate Abilities, Weirdness & Mutations

You are too large for most types of armour.
You have claws for hands.
Your natural rate of healing is unusually fast.
You are covered in fur. (AC +1)
You have tough skin. (AC +1)
You are missing a hand.


Message History

The merfolk hits you with a +0 trident.
The merfolk hits you but does no damage.
The merfolk hits you with a +0 trident.
The merfolk hits you from afar with a +0 trident!
The merfolk hits you but does no damage.
You claw the merfolk!
The merfolk is lightly wounded.
The merfolk hits you with a +0 trident. The merfolk completely misses you.
The merfolk hits you from afar with a +0 trident!
The merfolk hits you from afar with a +0 vorpal trident!
The merfolk is stunned by your conviction and fails to attack.
Okay, then.
Okay, then.
You feel protected. The merfolk hits you with a +0 trident!
The merfolk hits you from afar with a +0 trident.
The merfolk completely misses you.
The merfolk hits you from afar with a +0 vorpal trident!
* * * LOW HITPOINT WARNING * * *
x2
Okay, then.
You are restored by drawing out deep reserves of power within.
You feel drained.
The merfolk hits you but does no damage. x2
The merfolk hits you from afar with a +0 trident!
* * * LOW HITPOINT WARNING * * *
The merfolk hits you with a +0 trident!
* * * LOW HITPOINT WARNING * * *
The merfolk hits you but does no damage.
Okay, then.
You feel much better.
The merfolk is stunned by your conviction and fails to attack.
The merfolk barely misses you.
The merfolk hits you from afar with a +0 trident!
* * * LOW HITPOINT WARNING * * *
The merfolk hits you with a +0 trident!
* * * LOW HITPOINT WARNING * * *
You focus your inner power and blind the merfolk in retribution!
The merfolk hits you but does no damage.
The merfolk hits you with a +0 trident!
You die...

▓.....▓..†..▓..©..▓
▓..©..▓..©..▓▓▓▓▓▓▓
▓▓▓▓▓▓▓▓▓▓▓▓▓▓▓▓▓▓▓
▓..8©8...▓..8©8...▓
▓....[...▓..}))...▓
▓...|....▓..|.:...▓
▓........▓...m....▓
▓..†.....▓..m.mm..▓
▓.▓....▓.▓.▓m@..▓.▓
▓...©....▓...©....▓
▓▓▓▓▓▓▓▓▓▓▓▓▓▓▓▓▓▓▓


You could see 5 merfolk.

Vanquished Creatures
  A fire elemental (D)
  A yak (D)
  2 hell hounds (D)
  A bullfrog (D)
  3 iguanas (D)
  An iron imp (D)
  A river rat (D)
  A shadow imp (D)
  2 jackals (D)
13 creatures vanquished.

Notes
Turn   | Place    | Note
-------+----------+-------------------------------------------
     0 | D        | NinjaNoafa the Troll Fighter began the quest for the Orb.
     0 | D        | Reached XP level 1. HP: 22/22 MP: 0/0
     0 | D        | Found a shimmering blue altar of Sif Muna.
     0 | D        | Found a sacrificial altar of Ru.
     0 | D        | Found a bloodstained altar of Trog.
     0 | D        | Found a stormy altar of Qazlal.
     0 | D        | Found an iron altar of Okawaru.
     0 | D        | Found a sparkling altar of Nemelex Xobeh.
     0 | D        | Found a blossoming altar of Fedhas.
     0 | D        | Found the +6 Majin-Bo {vamp, MP+6 Int+6}
     0 | D        | Found the +9 heavy crossbow "Sniper" {vorpal, Acc+∞ SInv}
     0 | D        | Found the +10 dark maul {vorpal}
     0 | D        | Found the +15 Maxwell's patent armour {-Cast -Tele rElec
                  | Will+ rCorr}
     0 | D        | Found the +18 shield of the Gong {rElec rN+ Will+ EV-5}
     0 | D        | Found the +14 obsidian axe {vorpal, Mesm Drain Fly SInv}
     0 | D        | Found the +7 great mace "Firestarter" {inner flame, rF++}
     0 | D        | Found the +6 shillelagh "Devastator" {shatter}
     0 | D        | Found the +11 plutonium sword {Contam Stlth-}
     0 | D        | Found the +8 lance "Wyrmbane" {slay drac, rPois rF+ rC+
                  | AC+3}
     0 | D        | Found the +9 sword of Zonguldrok {reap}
     0 | D        | Found the +13 scythe of Curses {drain, Drain}
     0 | D        | Found the +5 sword of Power {vorpal}
     0 | D        | Found the +7 mace of Variability {chain chaos}
     0 | D        | Found the +7 Singing Sword {vorpal, sonic wave}
     0 | D        | Found the +8 storm bow {elec, penet}
     2 | D        | Found a transporter.
     2 | D        | Found an ancient bone altar of Kikubaaqudgha.
     2 | D        | Found a viscous altar of Jiyva.
     2 | D        | Found a corrupted altar of Lugonu.
     2 | D        | Found a hazy altar of Hepliaklqana.
     2 | D        | Found a burning altar of Makhleb.
     2 | D        | Found an opulent altar of Gozag.
   102 | D        | Became a worshipper of Ru the Awakened
   111 | D        | Entered arena 2.
   111 | D        | Noticed an iron imp
   111 | D        | Found a transporter.
   122 | D        | Killed an iron imp
   123 | D        | Reached skill level 6 in Unarmed Combat
   123 | D        | Reached XP level 2. HP: 26/29 MP: 1/1
   127 | D        | Reached XP level 3. HP: 36/36 MP: 2/2
   134 | D        | Entered arena 3.
   134 | D        | Noticed a hell hound
   134 | D        | Noticed a hell hound
   134 | D        | Noticed a fire elemental
   134 | D        | Found a transporter.
   145 | D        | Reached skill level 8 in Unarmed Combat
   145 | D        | Reached XP level 4. HP: 36/49 MP: 3/3
   146 | D        | Killed a hell hound
   147 | D        | Reached skill level 10 in Unarmed Combat
   147 | D        | Reached XP level 5. HP: 33/55 MP: 4/4
   148 | D        | Killed a hell hound
   149 | D        | Reached skill level 11 in Unarmed Combat
   149 | D        | Reached XP level 6. HP: 36/63 MP: 5/5
   150 | D        | Killed a fire elemental
   151 | D        | Reached skill level 12 in Unarmed Combat
   159 | D        | Gained mutation: You are missing a hand. [Ru sacrifice]
   159 | D        | Reached * piety under Ru
   159 | D        | Reached ** piety under Ru
   159 | D        | Reached *** piety under Ru
   178 | D        | Got the amulet of Spite {Spirit rPois rF++ Str-3 Stlth+}
   181 | D        | Got the ring of Zodafo {rElec MP+9 Str-4 Int+5 Dex+6}
   198 | D        | Entered arena 4.
   198 | D        | Noticed a yak
   198 | D        | Found a transporter.
   209 | D        | Killed a yak
   210 | D        | Reached skill level 13 in Unarmed Combat
   210 | D        | Reached skill level 5 in Fighting
   210 | D        | Reached skill level 5 in Dodging
   210 | D        | Reached XP level 7. HP: 63/72 MP: 5/6
   294 | D        | Entered arena 5.
   294 | D        | Found a transporter.
   314 | D        | Got the amulet "Qatyps" {Faith Int+3}
   332 | D        | Entered arena 6.
   332 | D        | Noticed a merfolk
   332 | D        | Noticed a merfolk
   332 | D        | Noticed a merfolk
   332 | D        | Noticed a merfolk
   332 | D        | Noticed a merfolk
   332 | D        | Found a transporter.
   339 | D        | Slain by a merfolk

Illustrated notes

Levels and vault maps discovered:
D:        sprint_v [room_start, room_1, room_2, room_3, room_4, room_5, room_6,
          room_7, room_8, room_9, room_10, room_11, room_12, room_13, room_14,
          room_15, room_16, room_17, room_18, room_19, room_20, room_21,
          room_22, room_23, room_24, room_25, room_26, room_27]

Skill      XL: |  1  2  3  4  5  6  7 |
---------------+----------------------+-----
Unarmed Combat | 6 8 10 11 13 | 13.0
Fighting       | 4 5 6 |  6.2
Dodging        | 4 5 6 |  6.0
Shields        | 4 0 |  0.0
Evocations     | 2 |  2.5

Action                   |  1- 3 |  4- 6 |  7- 9 || total
-------------------------+-------+-------+-------++-------
Melee: Unarmed           |    19 |    15 |    14 ||    48
Invok: Sacrifice a Hand  |       |     1 |       ||     1
       Draw Out Power    |       |       |     1 ||     1
Evoke: Lightning rod     |     2 |       |       ||     2
       Wand              |     1 |       |       ||     1
  Use: Potion            |     2 |       |     2 ||     4
Armor: Gold dragon scale |    13 |    17 |    24 ||    54
Dodge: Dodged            |     1 |       |     5 ||     6
Block: Kite shield       |    36 |     6 |       ||    42

Table legend: (Time is in decaauts)
 A = Elapsed time spent in this place.
 B = Non-inter-level travel time spent in this place.
 C = Inter-level travel time spent in this place.
 D = Time resting spent in this place.
 E = Time spent auto-exploring this place.
 F = Levels seen in this place.
 G = Mean time per level.
                   A        B        C        D        E       F      G
               +--------+--------+--------+--------+--------+-----+--------+
         Total |    331 |    323 |      8 |      0 |    117 |   1 |  331.0 |
       Dungeon |    331 |    323 |      8 |      0 |    117 |   1 |  331.0 |
               +--------+--------+--------+--------+--------+-----+--------+

Top non-repeatable levels by time:
       D: 331 daAuts
